 Dungeon Crawl Stone Soup version 0.29.0-4-gdea44cf6ec (webtiles) character file.

Game seed: 18066077285806635372

390 qw the Chopper (level 6, 0/53 HPs)
             Began as a Minotaur Fighter on Sept 8, 2022.
             Slain by Edmund
             ... wielding a +2 flail of venom
              (2 damage)
             ... on level 4 of the Dungeon.
             The game lasted 00:01:26 (2645 turns).

qw the Chopper (Minotaur Fighter)                   Turns: 2645, Time: 00:01:27

Health: 0/53       AC: 16    Str: 22    XL:     6   Next: 50%
Magic:  5/5        EV: 11    Int:  5    God:
Gold:   823        SH:  4    Dex: 10    Spells: 5/5 levels left

rFire   . . .      SeeInvis .   Y - +0 war axe
rCold   . . .      Faith    .   c - +0 buckler
rNeg    . . .      Spirit   .   n - +0 chain mail
rPois   .          Reflect  .   m - +2 hat
rElec   .          Harm     .   (no cloak)
rCorr   .          Rampage  .   (no gloves)
Will    .....                   l - +0 pair of boots
Stlth   ..........              (no amulet)
HPRegen 0.17/turn               e - +4 ring of evasion
MPRegen 0.09/turn               p - +4 ring of protection

@: lethally poisoned (0 -> -22), about to teleport
A: horns 2, retaliatory headbutt
a: no special abilities


You were on level 4 of the Dungeon.
You visited 1 branch of the dungeon, and saw 4 of its levels.

You collected 1193 gold pieces.
You spent 370 gold pieces at shops.


Innate Abilities, Weirdness & Mutations

You have a pair of horns on your head.
You reflexively headbutt those who attack you in melee.


   Skills:
 - Level 4.7 Fighting
 + Level 7.7 Axes
 - Level 3.6 Armour
 - Level 1.1 Dodging
 - Level 3.6 Shields


You had 5 spell levels left.
You didn't know any spells.
Your spell library was empty.

Inventory:

Hand Weapons
 s - a +0 morningstar
 Y - a +0 war axe (weapon)
Missiles
 j - a boomerang (quivered)
Armour
 c - a +0 buckler (worn)
 l - a +0 pair of boots (worn)
 m - a +2 hat (worn)
 n - a +0 chain mail (worn)
 t - a scarf of harm
Jewellery
 e - a +4 ring of evasion (left hand)
 p - a +4 ring of protection (right hand)
 x - the ring of the Middle {rElec Will+ MP+9 Int-5}
   (You found it on level 4 of the Dungeon)

   [ring of magical power]

   Int:       It affects your intelligence (-5).
   rElec:     It insulates you from electricity.
   MP:        It affects your magic capacity (+9).
   Will:      It increases your willpower.
Scrolls
 h - 3 scrolls of silence {unknown}
 k - 2 scrolls of identify
 o - 3 scrolls of enchant weapon {unknown}
 v - a scroll of noise {unknown}
 w - a scroll of torment {unknown}
Potions
 b - a potion of ambrosia {unknown}
 d - 4 potions of might
 f - 2 potions of curing
 g - 3 potions of attraction {unknown}
 i - a potion of mutation {unknown}
 q - a potion of brilliance {unknown}
 r - a potion of haste {unknown}
 u - a potion of magic {unknown}

Dungeon Overview and Level Annotations

Branches:
Dungeon (4/15)
 Temple: D:4-7

Altars:
Nemelex Xobeh

Shops:
D:1 (   D:3 [   D:4 *

Annotations:
D:4 Edmund


Message History

Edmund hits you with a +2 flail of venom.
You are more poisoned.
Edmund hits you but does no damage.
You are more poisoned.
You closely miss Edmund.
Edmund is severely wounded.
You feel extremely sick. Edmund barely misses you. You furiously retaliate!
You headbutt Edmund. You hit Edmund but do no damage.
Edmund is severely wounded.
You feel very sick. Edmund hits you but does no damage.
You are more poisoned.
You closely miss Edmund.
Edmund is severely wounded.
You feel very sick. Edmund hits you but does no damage.
You are lethally poisoned!
You barely miss Edmund.
Edmund is severely wounded.
You feel extremely sick.
Edmund says, "I'm quite good with sums, too."
Edmund barely misses you.
You barely miss Edmund. Your headbutt misses Edmund.
Edmund is severely wounded.
You feel very sick.
Edmund hits you with a +2 flail of venom.
You are more poisoned.
You slash Edmund!
Edmund is almost dead.
You feel extremely sick. Edmund hits you but does no damage.
You are more poisoned.
2645 ||| READING scroll of teleportation.
As you read the scroll of teleportation, it crumbles to dust.
You feel strangely unstable.
You feel extremely sick.
Edmund asks, "Have you met my wondrous brother?"
Edmund hits you with a +2 flail of venom.
You die...

......... #.#
........### ##.##
..........# #...#
##........####.##
.#..............##
.................#
...#............####
...#....#.......!..#
##...##+###..)..@..#
....## ######@...#
...### #.....#
.....# #.#...#
.....# #.#####
...### #.. .#+#.#
##. .'\'.# . ##+#)#


You could see Edmund.

Vanquished Creatures
  A necrophage (D:4)
  A scorpion (D:3)
  2 hounds (D:4)
  Terence (D:2)
  An orc wizard (D:3)
  An iguana (D:4)
  A gnoll (D:1)
  4 adders
  A worm (D:4)
  7 orcs
  5 ball pythons
  7 bats
  3 endoplasms
  3 giant cockroaches
  7 goblins
  6 hobgoblins
  6 jackals
  2 quokkas
  12 frilled lizards
  5 kobolds
  8 rats
84 creatures vanquished.

Notes
Turn   | Place    | Note
-------+----------+-------------------------------------------
     0 | D:1      | qw the Minotaur Fighter began the quest for the Orb.
     0 | D:1      | Reached XP level 1. HP: 19/19 MP: 0/0
     0 | D:1      | 0 ||| qw: Version: 0.1-a-112-g44dc6cd
     0 | D:1      | 0 ||| qw: Game counter: 6731
     0 | D:1      | 0 ||| qw: Always use a shield: true
     0 | D:1      | 0 ||| qw: God list: Ru
     0 | D:1      | 0 ||| qw: Allow faded altars: false
     0 | D:1      | 0 ||| qw: Do Orc after D:15 true
     0 | D:1      | 0 ||| qw: Do second Lair branch before Depths: true
     0 | D:1      | 0 ||| qw: Lair rune preference: random
     0 | D:1      | 0 ||| qw: Plans: Normal
     0 | D:1      | 0 ||| PLANNING D:1-11
    52 | D:1      | Found Koqijaj's Weapon Boutique.
    61 | D:1      | 61 ||| SHOPLISTING +0 club (10 gold, have 0).
    68 | D:1      | Reached skill level 3 in Axes
   220 | D:1      | Found a faded altar of an unknown god.
   229 | D:1      | Reached XP level 2. HP: 26/26 MP: 1/1
   233 | D:1      | 233 ||| Stepping ~*~*~tactically~*~*~ (stealth).
   247 | D:1      | 247 ||| Stepping ~*~*~tactically~*~*~ (stealth).
   351 | D:1      | 351 ||| DROPPING +0 club.
   414 | D:1      | Reached skill level 4 in Axes
   670 | D:1      | Reached XP level 3. HP: 29/31 MP: 2/2
   758 | D:1      | 758 ||| Stepping ~*~*~tactically~*~*~ (stealth).
   776 | D:1      | 776 ||| Stepping ~*~*~tactically~*~*~ (stealth).
  1002 | D:1      | 1002 ||| UPGRADING to +4 ring of evasion.
  1003 | D:1      | 1003 ||| READING 2 scrolls labelled QEROXA LAZE.
  1004 | D:1      | 1004 ||| READING scroll labelled YGOKIXZ NEURIA.
  1004 | D:1      | Identified a scroll of acquirement
  1004 | D:1      | 1004 ||| ACQUIRING 1027 gold pieces
  1004 | D:1      | Acquired 1027 gold pieces
  1006 | D:1      | 1006 ||| READING scroll labelled USESICH RIATIN.
  1007 | D:1      | 1007 ||| DROPPING scroll of amnesia.
  1144 | D:2      | Reached skill level 5 in Axes
  1195 | D:2      | Reached skill level 1 in Dodging
  1235 | D:2      | Reached XP level 4. HP: 39/39 MP: 3/3
  1366 | D:2      | Identified the +9 rapier "Ewofar" {vorpal, rC+ Will++
                  | Stlth+}
  1377 | D:2      | Found a sparkling altar of Nemelex Xobeh.
  1379 | D:2      | Noticed Terence
  1384 | D:2      | Killed Terence
  1443 | D:2      | 1443 ||| UPGRADING to +2 hat.
  1448 | D:2      | 1448 ||| UPGRADING to +0 chain mail.
  1458 | D:2      | 1458 ||| DROPPING +0 scale mail.
  1459 | D:2      | 1459 ||| READING 2 scrolls labelled DAHONUP VIMIME.
  1464 | D:2      | 1464 ||| READING 3 scrolls labelled SIAJIRR AROUFO.
  1465 | D:2      | 1465 ||| READING scroll labelled HEC WITHRAHI.
  1466 | D:2      | 1466 ||| READING 2 scrolls of identify.
  1466 | D:2      | 1466 ||| IDENTIFYING fuming brown potion
  1488 | D:3      | 1488 ||| Stepping ~*~*~tactically~*~*~ (stealth).
  1505 | D:3      | Reached skill level 6 in Axes
  1505 | D:3      | Reached XP level 5. HP: 43/45 MP: 4/4
  1798 | D:3      | Reached skill level 7 in Axes
  1801 | D:3      | Found Siacinep's Antique Armour Shoppe.
  1811 | D:3      | 1811 ||| BUYING pair of boots (121 gold).
  1811 | D:3      | Bought a pair of boots for 121 gold pieces
  1811 | D:3      | 1811 ||| BUYING shiny ring mail (189 gold).
  1811 | D:3      | Bought a shiny ring mail for 189 gold pieces
  1825 | D:3      | 1825 ||| READING scroll of acquirement.
  1825 | D:3      | 1825 ||| ACQUIRING +4 ring of protection
  1825 | D:3      | Acquired a +4 ring of protection
  1827 | D:3      | 1827 ||| UPGRADING to +4 ring of protection.
  2172 | D:3      | 2172 ||| UPGRADING to +0 pair of boots.
  2177 | D:3      | 2177 ||| DROPPING +2 ring mail of cold resistance.
  2178 | D:3      | 2178 ||| READING scroll labelled BUSKIR CUAMM.
  2179 | D:3      | 2179 ||| DRINKING 3 golden potions.
  2204 | D:3      | 2204 ||| DROPPING 2 potions of lignification.
  2247 | D:4      | 2247 ||| Stepping ~*~*~tactically~*~*~ (stealth).
  2249 | D:4      | 2249 ||| Stepping ~*~*~tactically~*~*~ (stealth).
  2253 | D:4      | Reached XP level 6. HP: 52/53 MP: 5/5
  2255 | D:4      | 2255 ||| Stepping ~*~*~tactically~*~*~ (stealth).
  2259 | D:4      | 2259 ||| Stepping ~*~*~tactically~*~*~ (stealth).
  2260 | D:4      | 2260 ||| Stepping ~*~*~tactically~*~*~ (stealth).
  2357 | D:4      | 2357 ||| DROPPING +0 whip.
  2539 | D:4      | Found Jixasuge's Assorted Antiques.
  2542 | D:4      | 2542 ||| BUYING metallic black potion (28 gold).
  2542 | D:4      | Bought a metallic black potion for 28 gold pieces
  2542 | D:4      | 2542 ||| BUYING scroll labelled RIMMOWN GUJAP (32 gold).
  2542 | D:4      | Bought a scroll labelled RIMMOWN GUJAP for 32 gold pieces
  2584 | D:4      | Identified the ring of the Middle {rElec Will+ MP+9 Int-5}
  2629 | D:4      | Noticed Edmund
  2644 | D:4      | HP: 9/53 [poisoned by Edmund]
  2645 | D:4      | 2645 ||| READING scroll of teleportation.
  2645 | D:4      | HP: 2/53 [poisoned by Edmund]
  2645 | D:4      | Slain by Edmund

Levels and vault maps discovered:
D:1:      lemuel_arrival_rhombus, layout_loops_ring,
          hellmonk_ecumenical_altar_blasted, serial_shops,
          nicolae_shop_bloodbath_and_beyond, minmay_misc_feat_tower,
          dk_noncrumbling_3, minmay_lizard_pond
D:2:      layout_rooms, basic_altar, uniq_terence
D:3:      layout_basic, serial_shops, nicolae_shop_hallway_plus
D:4:      layout_cave_pools, serial_shops, nicolae_shop_behind_doors,
          lightli_corner_chamber, uniq_edmund

Skill      XL: |  1  2  3  4  5 |
---------------+----------------+-----
Axes           | 3 4 5 6 7 |  7.7
Dodging        | 1 |  1.1
Fighting       | 4 |  4.7
Armour         | |  3.6
Shields        | |  3.6

Action                   |  1- 3 |  4- 6 || total
-------------------------+-------+-------++-------
Melee: War axe           |    98 |    95 ||   193
       Headbutt          |    14 |    19 ||    33
Throw: Boomerang         |       |    25 ||    25
  Use: Scroll            |     3 |     7 ||    10
       Potion            |       |     1 ||     1
Armor: Scale mail        |    34 |     2 ||    36
       Chain mail        |       |    30 ||    30
Dodge: Dodged            |    38 |    38 ||    76
Block: Buckler           |    22 |    13 ||    35

Table legend:
 A = Non-vault XP
 B = Vault XP
 C = Vault XP percentage of total XP
 D = Non-vault monster count
 E = Vault monster count
 F = Vault count percentage of total count
                 A         B        C        D         E       F
            +---------+---------+-------+---------+---------+-------
      Total |     514 |      44 |   7.9 |      75 |       9 |  10.7
            +---------+---------+-------+---------+---------+-------
        D:1 |      57 |       8 |  12.3 |      27 |       8 |  22.9
        D:2 |      54 |      36 |  40.0 |      21 |       1 |   4.5
        D:3 |     149 |       0 |   0.0 |      13 |       0 |   0.0
        D:4 |     254 |       0 |   0.0 |      14 |       0 |   0.0
            +---------+---------+-------+---------+---------+-------
